AoeStats
← NcroTmor

Lombardia

509817398Analyzed
4v4 RM · 5d ago on Sep 28, 2026· 58m 37s· 8 players
Game mode
Random Map
Map size
Large (8 player)
Population
200
Speed
Normal
Resources
Standard
Victory
Conquest
Starting age
Dark Age
Ending age
Imperial Age
RankedLock teamsTeams togetherTeam positionsShared explorationLock speedFull tech treeHidden civsTurbo modeCheats
Victory
Defeat
🇺🇦 Jurchens · Ukraine
1067
+13
🇨🇳 Maya · China
923
+19
🇵🇪 Franks · Peru
914
+19
🇹🇼 Varangians · Taiwan
907
+19
🇲🇽 Huns · Mexico
1055
-20
🇲🇽 Britons · Mexico
990
-18
🇳🇿 Ethiopians · New Zealand
983
-17
🇨🇦 Danes · Canada
921
-15
Kirito Wizard
12:09 Feudal Age
10:53 Loom
17:49 Castle Age
15:52 Double-Bit Axe
16:25 Horse Collar
17:23 Gold Mining
17:29 Stone Mining
19:59 Bow Saw
20:02 Gambesons
20:18 Squires
20:04 Arson
22:48 Caravan
28:10 Pikeman
32:24 Wheelbarrow
31:35 Town Watch
35:21 Imperial Age
33:09 Bloodlines
33:00 Husbandry
33:33 Scale Mail Armor
34:41 Gold Shaft Mining
34:42 Stone Shaft Mining
34:10 Heavy Plow
34:27 Forging
36:14 Elite Varangian Guard
37:43 Man-at-Arms
40:06 Long Swordsman
41:38 Chain Mail Armor
41:59 Iron Casting
42:06 Light Cavalry
42:46 Hamask
46:55 Plate Mail Armor
47:26 Blast Furnace
54:58 Halberdier
G1200Micras
12:01 Feudal Age
10:17 Loom
13:30 Double-Bit Axe
17:11 Castle Age
16:40 Wheelbarrow
17:01 Horse Collar
20:05 Bow Saw
20:48 Hand Cart
21:35 Bloodlines
22:39 Pikeman
26:57 Squires
27:00 Scale Mail Armor
28:45 Heavy Plow
32:37 Chain Mail Armor
32:32 Forging
34:35 Marauders
35:23 Iron Casting
36:46 Caravan
37:23 Fletching
37:33 Padded Archer Armor
39:29 Husbandry
40:00 Bodkin Arrow
40:21 Leather Archer Armor
42:40 Gold Mining
45:06 Leather Archer Armor
48:28 Imperial Age
48:36 Halberdier
50:19 Blast Furnace
49:20 Bracer
56:04 Ballistics
56:44 Chemistry
ing.bio.aaron
3:18 Loom
14:43 Feudal Age
16:02 Town Watch
16:22 Double-Bit Axe
18:59 Castle Age
18:11 Gold Mining
18:13 Stone Mining
18:06 Horse Collar
19:46 Wheelbarrow
21:14 Bow Saw
24:44 Fletching
26:18 Murder Holes
27:04 Bodkin Arrow
27:09 Pikeman
27:56 Padded Archer Armor
28:19 Ballistics
28:15 Squires
28:39 Scale Mail Armor
30:22 Gold Shaft Mining
29:49 Heavy Plow
30:39 Chain Mail Armor
31:56 Forging
32:28 Leather Archer Armor
34:22 Iron Casting
34:40 Hand Cart
38:06 Imperial Age
37:04 Scale Barding Armor
37:11 Masonry
38:25 Chain Barding Armor
38:33 Fortified Wall
38:41 Town Patrol
38:59 Bracer
40:02 Chemistry
39:40 Conscription
38:41 Elite Longbowman
40:05 Ring Archer Armor
39:54 Caravan
40:24 Coinage
40:05 Guilds
41:26 Two-Man Saw
40:00 Halberdier
42:10 Plate Mail Armor
42:42 Blast Furnace
42:00 Husbandry
41:21 Light Cavalry
42:52 Banking
43:24 Yeomen
42:50 Cavalier
Huldron
8:24 Loom
11:05 Feudal Age
14:21 Double-Bit Axe
20:14 Castle Age
20:09 Fletching
21:20 Crossbowman
29:12 Caravan
31:02 Wheelbarrow
32:01 Bow Saw
32:08 Hand Cart
32:26 Bodkin Arrow
34:39 Ballistics
37:12 Imperial Age
35:55 Murder Holes
36:05 Town Watch
38:04 Bracer
38:05 Padded Archer Armor
40:13 Chemistry
40:30 Elite Shotel Warrior
41:33 Fortified Wall
42:35 Conscription
42:26 Thumb Ring
41:45 Arbalester
43:05 Forging
46:55 Iron Casting
46:21 Scale Mail Armor
46:27 Horse Collar
48:31 Royal Heirs
49:37 Blast Furnace
48:54 Chain Mail Armor
49:50 Two-Man Saw
48:53 Heavy Plow
AM
11:52 Feudal Age
13:35 Wheelbarrow
12:46 Double-Bit Axe
12:58 Horse Collar
14:10 Forging
14:35 Scale Barding Armor
14:46 Bloodlines
16:31 Horse Collar
22:28 Castle Age
23:26 Husbandry
22:47 Light Cavalry
23:44 Hand Cart
24:06 Iron Casting
24:25 Chain Barding Armor
26:34 Bow Saw
30:45 Stone Mining
30:45 Gold Mining
33:19 Heavy Plow
34:02 Caravan
37:13 Fortified Bastions
38:14 Stone Shaft Mining
38:14 Gold Shaft Mining
40:28 Imperial Age
42:30 Conscription
41:31 Elite Iron Pagoda
41:55 Heavy Rocket Cart
43:52 Two-Man Saw
43:01 Elite Steppe Lancer
43:05 Hussar
45:28 Blast Furnace
45:04 Plate Barding Armor
48:59 Elite Steppe Lancer
FAKEDICK
4:55 Loom
12:42 Feudal Age
26:24 Castle Age
24:52 Double-Bit Axe
26:00 Horse Collar
26:55 Gold Mining
29:59 Bow Saw
30:18 Caravan
35:19 Heavy Plow
35:38 Treadmill Crane
35:47 Town Watch
36:42 Squires
36:27 Arson
37:13 Fervor
37:47 Wheelbarrow
37:46 Stone Mining
40:00 Fletching
40:10 Scale Mail Armor
40:22 Forging
40:18 Scale Barding Armor
40:15 Padded Archer Armor
40:48 Ballistics
40:23 Murder Holes
40:40 Fortified Wall
40:48 Hand Cart
40:34 Town Patrol
44:08 Imperial Age
41:41 Town Patrol
43:51 Bodkin Arrow
44:17 Chain Barding Armor
44:32 Iron Casting
44:28 Elite Jarl
45:29 Conscription
45:12 Capped Ram
45:35 Vendel Legacy
48:31 Chemistry
47:38 Siege Engineers
47:43 Masonry
47:36 Bracer
48:36 Blast Furnace
48:12 Plate Barding Armor
47:52 Leather Archer Armor
48:35 Gothikon
50:45 Siege Ram
54:40 Heavy Mounted Crossbowman
54:40 Cranequins
56:26 Scale Mail Armor
56:57 Ring Archer Armor
myMZ
10:55 Feudal Age
15:11 Castle Age
15:53 Double-Bit Axe
16:01 Horse Collar
23:21 Bow Saw
24:39 Heavy Plow
25:57 Gold Mining
29:11 Wheelbarrow
28:43 Stone Mining
29:17 Arson
29:34 Squires
28:55 Eagle Warrior
30:21 Scale Mail Armor
30:31 Forging
31:26 Hand Cart
32:38 Iron Casting
32:20 Chain Mail Armor
32:40 Iron Casting
34:46 Imperial Age
33:16 Loom
34:53 Elite Eagle Warrior
36:13 Plate Mail Armor
37:02 Blast Furnace
37:39 Caravan
40:12 Padded Archer Armor
40:02 Fletching
46:02 Conscription
46:33 Holcans
48:42 Elite Plumed Archer
49:44 Leather Archer Armor
49:24 Bodkin Arrow
51:07 Two-Man Saw
51:05 Ring Archer Armor
51:50 Bracer
52:59 Ballistics
53:39 Chemistry
NcroTmor
5:11 Loom
12:10 Feudal Age
15:08 Double-Bit Axe
19:08 Castle Age
19:04 Gold Mining
23:02 Town Watch
25:01 Forging
26:04 Wheelbarrow
27:32 Gold Shaft Mining
27:05 Scale Barding Armor
29:16 Husbandry
31:10 Chain Barding Armor
33:19 Hand Cart
33:55 Caravan
35:22 Iron Casting
37:57 Imperial Age
38:04 Cavalier
39:24 Plate Barding Armor
41:10 Blast Furnace
41:33 Fortified Wall
42:09 Coinage
41:22 Paladin
45:59 Fletching
46:32 Ballistics
45:52 Treadmill Crane
46:10 Murder Holes
47:16 Chemistry
49:06 Bodkin Arrow
50:11 Conscription
52:55 Scale Mail Armor
52:58 Squires
52:18 Man-at-Arms
52:44 Gambesons
53:25 Long Swordsman
53:58 Two-Handed Swordsman
55:12 Chain Mail Armor
56:35 Plate Mail Armor
58:12 Champion
Connection lost

Rejoining the realm…

Still unreachable

The connection could not be restored.

Session expired

The server has moved on; the page needs a fresh start.